[Event "December 5 Early 2023"]
[Site "https://www.chess.com"]
[Date "2023.12.05"]
[Round "9"]
[White "Kolmagorov, Alexey"]
[Black "Vivaan Vishal Shah"]
[Result "1-0"]
[Board "107"]
[TimeControl "180+1"]
[WhiteFideId "34129402"]
[BlackFideId "25184237"]
[WhiteElo "2373"]
[BlackElo "2553"]
[WhiteTeam "RUS"]
[BlackTeam "IND"]
[WhiteClock "0:00:20"]
[BlackClock "0:00:00"]

1. d4 e6 2. c4 f5 3. g3 Nf6 4. Bg2 Be7 5. Nd2 O-O 6. Qc2 d5 7. Nh3 Ne4 8. Nf4 Nc6 9. e3 g5 10. Nd3 Nb4 11. Nxb4 Bxb4 12. O-O Bxd2 13. Bxd2 c6 14. Bb4 Rf6 15. f3 Nd6 16. c5 Nc4 17. Rae1 f4 18. Bd2 fxe3 19. Bxe3 h6 20. Bc1 Bd7 21. b3 Na5 22. Bd2 b5 23. Re5 Nb7 24. f4 g4 25. Rfe1 Qe7 26. f5 Raf8 27. fxe6 Bxe6 28. Bf4 Qf7 29. Qe2 Nd8 30. a4 bxa4 31. bxa4 a5 32. Rb1 Rxf4 33. gxf4 Qxf4 34. Rxe6 Qxd4+ 35. Re3 Ne6 36. Kh1 Nf4 37. Qxg4+ Kh8 38. Rg3 1-0

[Event "December 5 Early 2023"]
[Site "https://www.chess.com"]
[Date "2023.12.05"]
[Round "9"]
[White "Santos Flores, Alberto"]
[Black "Barbot, Pierre"]
[Result "1-0"]
[Board "108"]
[TimeControl "180+1"]
[WhiteFideId "3601234"]
[BlackFideId "663727"]
[WhiteElo "2544"]
[BlackElo "2322"]
[WhiteTeam "ECU"]
[BlackTeam "FRA"]
[WhiteClock "0:00:56"]
[BlackClock "0:00:00"]

1. e4 c5 2. Nf3 Nc6 3. Nc3 g6 4. d4 cxd4 5. Nxd4 Bg7 6. Be3 Nf6 7. Bc4 O-O 8. Bb3 Nxd4 9. Bxd4 d6 10. Qd2 Bd7 11. h4 b5 12. h5 b4 13. Bxf6 exf6 14. Nd5 f5 15. hxg6 hxg6 16. O-O-O fxe4 17. Qf4 Bf5 18. g4 Be6 19. g5 Bxd5 20. Rxd5 Qe7 21. Rxd6 Qe5 22. Qxe5 Bxe5 23. Rxg6+ Bg7 24. Rd6 Rad8 25. Rxd8 Rxd8 26. g6 Rd6 27. gxf7+ Kf8 28. Re1 Bh6+ 29. Kb1 Rd2 30. a3 1-0

[Event "December 5 Early 2023"]
[Site "https://www.chess.com"]
[Date "2023.12.05"]
[Round "9"]
[White "Vorons, Uldis"]
[Black "Baches Garcia, Guillermo"]
[Result "1-0"]
[Board "109"]
[TimeControl "180+1"]
[WhiteFideId "11611758"]
[BlackFideId "2209764"]
[WhiteElo "2315"]
[BlackElo "2514"]
[WhiteTeam "LAT"]
[BlackTeam "ESP"]
[WhiteClock "0:01:37"]
[BlackClock "0:00:32"]

1. e4 d5 2. exd5 Qxd5 3. Nc3 Qa5 4. d4 Nf6 5. Nf3 Bf5 6. Ne5 c6 7. g4 Be6 8. Bd2 Nbd7 9. g5 Nd5 10. Nxd7 Bxd7 11. Ne4 Qb6 12. c4 Qxd4 13. Qe2 Qxb2 14. Nd6+ Kd8 15. Ba5+ b6 16. Nxf7+ Kc7 17. Qxb2 1-0

[Event "December 5 Early 2023"]
[Site "https://www.chess.com"]
[Date "2023.12.05"]
[Round "9"]
[White "Kurmangaliyeva, Liya"]
[Black "Shubhi Gupta"]
[Result "1/2-1/2"]
[Board "110"]
[TimeControl "180+1"]
[WhiteFideId "13725831"]
[BlackFideId "25195425"]
[WhiteElo "2503"]
[BlackElo "2302"]
[WhiteTeam "KAZ"]
[BlackTeam "IND"]
[WhiteClock "0:00:24"]
[BlackClock "0:00:16"]

1. d4 d5 2. c4 e6 3. Nf3 Nf6 4. g3 Bb4+ 5. Nbd2 O-O 6. Bg2 dxc4 7. O-O c5 8. dxc5 Bxc5 9. Qc2 Nc6 10. Nxc4 Qe7 11. a3 Bd7 12. b4 Nd4 13. Qb2 Nxf3+ 14. Bxf3 Bb6 15. Nxb6 axb6 16. Bxb7 Ra7 17. Bg2 Rc8 18. Rd1 Ba4 19. Re1 Rac7 20. Bf4 Rc2 21. Qd4 Nd7 22. Bd6 Qg5 23. h4 Qd2 24. Qxd2 Rxd2 25. Bf4 Rb2 26. Be4 f5 27. Bb7 Rcc2 28. Rac1 Rxe2 29. Rxe2 Rxe2 30. Rc7 Rc2 31. Rxc2 Bxc2 32. Bc6 Nf6 33. a4 Nd5 34. a5 Nxb4 35. Bd7 bxa5 36. Bxe6+ Kh8 37. Bd6 Nc6 38. Bd7 Nd4 39. Kf1 Bd3+ 40. Ke1 Bb5 41. Bc5 Bxd7 42. Bxd4 Kg8 43. Kd2 Kf7 44. Ke3 h6 45. Kf4 g6 46. Ke5 Ke7 47. Bc3 a4 48. Bb4+ Kf7 49. Ba3 Bb5 50. Bb4 Bd7 51. Ba3 Bb5 52. Bb4 Be8 53. Ba3 Bb5 1/2-1/2

[Event "December 5 Early 2023"]
[Site "https://www.chess.com"]
[Date "2023.12.05"]
[Round "9"]
[White "Kaplan, Avi Harrison"]
[Black "Bold, Andre"]
[Result "0-1"]
[Board "111"]
[TimeControl "180+1"]
[WhiteFideId "30934559"]
[BlackFideId "16208471"]
[WhiteElo "2460"]
[BlackElo "2485"]
[WhiteTeam "USA"]
[BlackTeam "GER"]
[WhiteClock "0:00:27"]
[BlackClock "0:01:52"]

1. e4 c6 2. d4 d5 3. exd5 cxd5 4. Bd3 Nf6 5. Bf4 Nc6 6. c3 Bg4 7. Qb3 Qd7 8. Nd2 e6 9. Ngf3 Bd6 10. Bxd6 Qxd6 11. O-O Bxf3 12. Nxf3 O-O 13. Rfe1 Qc7 14. Ne5 Nd7 15. f4 Rae8 16. Re3 f5 17. Rae1 Nf6 18. Nxc6 bxc6 19. Rxe6 Ne4 20. Bxe4 fxe4 21. R6xe4 Rxe4 22. Rxe4 Rxf4 23. Rxf4 Qxf4 24. Qd1 Qe3+ 25. Kf1 h6 26. Qe2 Qc1+ 27. Kf2 Qf4+ 28. Qf3 Qxh2 29. Qf5 Qc7 30. Qe6+ Qf7+ 31. Qxf7+ Kxf7 32. Kf3 Kf6 33. Kf4 g5+ 34. Kf3 h5 35. g4 h4 36. b3 Ke6 37. a4 Kd6 38. b4 a5 39. Kg2 Kc7 40. Kh3 c5 41. bxc5 Kc6 42. Kh2 Kc7 43. Kg2 Kc6 44. Kf2 Kc7 45. Ke2 Kc6 46. Ke3 Kd7 47. Kf2 Ke7 48. Kf1 Ke8 49. Kg1 Kd8 50. Kh1 Kc8 51. Kh2 Kb8 52. Kh3 Ka8 53. Kg2 Ka7 54. Kf3 Ka6 55. Ke3 Kb7 56. Ke2 Kc6 57. Ke1 Kc7 58. Kf2 Kd7 59. Kf1 Ke7 60. Kg2 Kf8 61. Kg1 Kf7 62. Kh1 Kf6 63. Kh2 Ke7 64. Kh3 Kd7 65. Kg2 Ke8 66. Kf2 Kd8 67. Kf3 Kc8 68. Kg2 Kb7 69. Kh1 Kb8 70. c4 dxc4 71. d5 c3 72. d6 Kc8 73. c6 c2 0-1

[Event "December 5 Early 2023"]
[Site "https://www.chess.com"]
[Date "2023.12.05"]
[Round "9"]
[White "Martin, Lewis"]
[Black "Kovalevsky, Stanislav"]
[Result "0-1"]
[Board "112"]
[TimeControl "180+1"]
[WhiteFideId "410551"]
[BlackFideId "13508598"]
[WhiteElo "2281"]
[BlackElo "2479"]
[WhiteTeam "ENG"]
[BlackTeam "FID"]
[WhiteClock "0:00:18"]
[BlackClock "0:00:12"]

1. c4 c6 2. g3 d5 3. Bg2 Nf6 4. cxd5 cxd5 5. d3 Nc6 6. Nf3 Bg4 7. Nbd2 e6 8. O-O Bc5 9. a3 a5 10. b3 O-O 11. Bb2 Re8 12. Rc1 Qb6 13. h3 Bh5 14. Qc2 Bd4 15. e3 Bxb2 16. Qxb2 Bg6 17. d4 Rec8 18. Rc3 h6 19. Rfc1 Na7 20. Ne5 Rxc3 21. Rxc3 Nb5 22. Rc5 Nd6 23. Nxg6 fxg6 24. f3 Nd7 25. Rc1 Rc8 26. Rxc8+ Nxc8 27. Bf1 Nd6 28. Qc3 Kf7 29. Kf2 g5 30. b4 axb4 31. axb4 Ke7 32. Nb3 Nf5 33. Na5 Qd6 34. f4 gxf4 35. exf4 Nf6 36. Bd3 Nxg3 37. Kxg3 Nh5+ 38. Kg2 Nxf4+ 39. Kf1 Nxd3 40. Qxd3 Qxb4 41. Nb3 Qc4 42. Qxc4 dxc4 43. Nc1 Kd6 44. Ke2 Kd5 45. Ke3 b5 46. Ne2 b4 47. Nf4+ Kd6 48. Ke4 g5 49. Ne2 h5 50. Nc1 b3 51. Ne2 g4 52. hxg4 hxg4 53. Nc3 Kc6 54. Kf4 Kb6 55. Kxg4 Ka5 56. Kf4 Kb4 57. Nb1 c3 58. Ke3 c2 0-1

[Event "December 5 Early 2023"]
[Site "https://www.chess.com"]
[Date "2023.12.05"]
[Round "9"]
[White "Garcia Correa, Jose Ricardo"]
[Black "Dobre, Claudiu-Cristian"]
[Result "0-1"]
[Board "113"]
[TimeControl "180+1"]
[WhiteFideId "5101832"]
[BlackFideId "1211854"]
[WhiteElo "2244"]
[BlackElo "2473"]
[WhiteTeam "MEX"]
[BlackTeam "ROU"]
[WhiteClock "0:00:00"]
[BlackClock "0:00:10"]

1. e4 Nc6 2. Bc4 Nf6 3. Nc3 Nxe4 4. Bxf7+ Kxf7 5. Nxe4 d5 6. Ng5+ Kg8 7. d4 e5 8. dxe5 Nxe5 9. N1f3 Bg4 10. h3 Nxf3+ 11. Nxf3 Bh5 12. Be3 c6 13. g4 Bg6 14. Ne5 Be4 15. f3 Qh4+ 16. Bf2 Qe7 17. Qd4 Bxc2 18. O-O Qb4 19. Qe3 Re8 20. Rac1 Bg6 21. f4 Bd6 22. Bg3 Bc7 23. Qe2 Qe4 24. Qh2 Bb6+ 25. Bf2 Bxf2+ 26. Rxf2 Bf7 27. Rcc2 d4 28. Rce2 Qb1+ 29. Rf1 Qxa2 30. Nxf7 Qxf7 31. f5 h5 32. g5 d3 33. Rd2 Qd5 34. Qg3 Qd4+ 35. Kh2 Qe5 36. f6 gxf6 37. Rxd3 h4 38. Qxe5 fxe5 39. Rd7 Rh7 40. Rd6 Rg7 41. g6 Rge7 42. Kg2 Kg7 43. Rff6 e4 44. Kf2 Rf8 45. Rxf8 e3+ 46. Ke2 Kxf8 0-1

[Event "December 5 Early 2023"]
[Site "https://www.chess.com"]
[Date "2023.12.05"]
[Round "9"]
[White "NovakRatko"]
[Black "Golubenko, Valentina"]
[Result "1-0"]
[Board "114"]
[TimeControl "180+1"]
[BlackFideId "4501993"]
[WhiteElo "2472"]
[BlackElo "2228"]
[BlackTeam "CRO"]
[WhiteClock "0:00:44"]
[BlackClock "0:00:13"]

1. d4 Nf6 2. c4 c5 3. dxc5 g6 4. Nc3 Bg7 5. Be3 O-O 6. f3 Na6 7. a3 b6 8. cxb6 axb6 9. Bf2 Bb7 10. e4 Nc5 11. Bxc5 bxc5 12. Bd3 Qb6 13. Qd2 Bc6 14. Nge2 Rfb8 15. Rb1 d6 16. O-O Nd7 17. Kh1 Ne5 18. f4 Nxd3 19. Qxd3 Rf8 20. Nd5 Qb7 21. Nec3 e6 22. Ne3 Bxc3 23. Qxc3 Bxe4 24. Rbd1 Rab8 25. Rf2 d5 26. cxd5 exd5 27. Qxc5 Rfc8 28. Qd4 Qb6 29. h3 Qxd4 30. Rxd4 Rb3 31. Nxd5 Rxh3+ 32. Kg1 Rc1+ 33. Rf1 Rh1+ 34. Kxh1 Rxf1+ 35. Kh2 f5 36. Nf6+ Kf7 37. Nxe4 fxe4 38. Rxe4 Rf2 39. Rb4 Kf6 40. a4 Kf5 41. a5 Kg4 42. a6 h5 43. a7 h4 44. a8=Q h3 45. Qf3+ Rxf3 46. gxf3+ Kxf3 47. Kxh3 1-0

[Event "December 5 Early 2023"]
[Site "https://www.chess.com"]
[Date "2023.12.05"]
[Round "9"]
[White "Besso, Guadalupe"]
[Black "Cardozo Munar, Carlos Eduardo"]
[Result "1-0"]
[Board "115"]
[TimeControl "180+1"]
[WhiteFideId "123161"]
[BlackFideId "4409477"]
[WhiteElo "2105"]
[BlackElo "2290"]
[WhiteTeam "ARG"]
[BlackTeam "COL"]
[WhiteClock "0:00:03"]
[BlackClock "0:00:00"]

1. d4 d5 2. c4 e5 3. e3 exd4 4. exd4 Nc6 5. Nf3 Nf6 6. Be2 dxc4 7. Bxc4 Bb4+ 8. Nc3 Bg4 9. O-O O-O 10. Be2 Rb8 11. Be3 Re8 12. h3 Bh5 13. Qb3 a6 14. Rfd1 h6 15. a3 Bd6 16. Ne5 Bxe2 17. Qxf7+ Kh7 18. Qg6+ Kg8 19. Qf7+ Kh8 20. Nxe2 Nxe5 21. dxe5 Rxe5 22. Nf4 Qe8 23. Ng6+ Kh7 24. Nxe5 Qxe5 25. g3 Rf8 26. Qc4 Ne4 27. Rd5 Qe6 28. Rd4 Qxc4 29. Rxc4 Re8 30. Bf4 Bc5 31. Rf1 c6 32. Kg2 g5 33. Be3 Bxe3 34. fxe3 Nd2 35. Rc3 Nxf1 36. Kxf1 Kg6 37. a4 Re4 38. a5 Ra4 39. Rb3 Rxa5 40. Rxb7 Rb5 41. Rxb5 cxb5 42. Ke2 Kf5 43. Kd3 Ke5 44. b4 h5 45. e4 Kd6 46. Kd4 Kc6 47. e5 g4 48. h4 Kd7 49. Kd5 1-0

[Event "December 5 Early 2023"]
[Site "https://www.chess.com"]
[Date "2023.12.05"]
[Round "9"]
[White "Yushko, Olga"]
[Black "GMVignirVatnar"]
[Result "0-1"]
[Board "116"]
[TimeControl "180+1"]
[WhiteFideId "14114500"]
[WhiteElo "2136"]
[BlackElo "2735"]
[WhiteTeam "UKR"]
[WhiteClock "0:00:24"]
[BlackClock "0:00:27"]

1. d4 d5 2. c4 e6 3. cxd5 exd5 4. Nc3 Nf6 5. Nf3 Bb4 6. Bg5 h6 7. Bh4 O-O 8. e3 Bf5 9. Bd3 Bxd3 10. Qxd3 c6 11. O-O Nbd7 12. a3 Bd6 13. b4 b5 14. Rfc1 a5 15. bxa5 Rxa5 16. e4 Be7 17. exd5 Nxd5 18. Nxd5 cxd5 19. Bxe7 Qxe7 20. Re1 Qd6 21. Ne5 Nb6 22. Reb1 Nc4 23. a4 Nxe5 24. dxe5 Qxe5 25. f4 Qf6 26. Qxd5 Rxa4 27. Rxa4 bxa4 28. Qa2 Qxf4 29. Rf1 Qd4+ 30. Kh1 Kh7 31. h3 f5 32. Ra1 Ra8 33. Rf1 Qd3 34. Rf3 Qe4 35. Qa3 Rb8 36. Rf1 Rb1 37. Rxb1 Qxb1+ 38. Kh2 Qb5 39. Qf3 Qc5 40. g4 Qe5+ 41. Kg2 Qe4 0-1

[Event "December 5 Early 2023"]
[Site "https://www.chess.com"]
[Date "2023.12.05"]
[Round "9"]
[White "Kotlyar, Kirill"]
[Black "Mohammed, Zozek Salah Mohammed"]
[Result "0-1"]
[Board "117"]
[TimeControl "180+1"]
[WhiteFideId "24145599"]
[BlackFideId "4803361"]
[WhiteElo "2596"]
[BlackElo "2354"]
[WhiteTeam "RUS"]
[BlackTeam "IRQ"]
[WhiteClock "0:00:19"]
[BlackClock "0:00:04"]

1. e4 e6 2. Nf3 d5 3. Nc3 c5 4. exd5 exd5 5. Bb5+ Nc6 6. d4 Nf6 7. dxc5 Bxc5 8. O-O O-O 9. Bg5 Be6 10. Qd3 a6 11. Ba4 Be7 12. Rad1 Rc8 13. Bb3 Qc7 14. Bxf6 Bxf6 15. Nxd5 Bxd5 16. Qxd5 Bxb2 17. Ng5 h6 18. Ne4 Rcd8 19. Qh5 Be5 20. g3 Qe7 21. Rde1 Bb8 22. Nd2 Qg5 23. Qxg5 hxg5 24. Ne4 g4 25. Nc5 Ne5 26. Nxb7 Nf3+ 27. Kg2 Nxe1+ 28. Rxe1 Rd7 29. Nc5 Rd2 30. Re4 Ba7 31. Nd3 Rd8 32. Rxg4 Rd4 33. Rg5 Rd6 34. Rf5 Rf6 35. Rxf6 gxf6 36. Kf3 Rd1 37. h4 Kg7 38. Nb4 Rd2 39. Nd3 Rd1 40. Ke2 Rh1 41. f4 Rh2+ 42. Kf3 Rh1 43. Nb4 f5 44. Nd3 Rf1+ 45. Kg2 Rg1+ 46. Kf3 Rf1+ 47. Kg2 Rg1+ 48. Kh2 Rf1 49. Ne5 f6 50. Nc4 Kg6 51. Nb2 Bf2 52. Nd3 Be3 53. Kg2 Rb1 54. Kf3 Bb6 55. Bc4 Rf1+ 56. Kg2 Rb1 57. Bxa6 Rd1 58. Bc4 Rd2+ 59. Kf3 Rxc2 60. Bb3 Rc3 61. Ke2 Bc7 62. Kd2 Rc6 63. a4 Ba5+ 64. Ke3 Rc3 65. Bd5 Bb6+ 66. Kd2 Ra3 67. Bc6 Ra2+ 68. Kc3 Ba5+ 69. Kc4 Bb6 70. Kb5 Bf2 71. Nxf2 Rxf2 72. a5 Rb2+ 73. Kc5 Rb3 74. a6 Rxg3 75. Ba4 Ra3 76. Kb4 Ra1 77. a7 Rb1+ 78. Kc5 Rc1+ 79. Kb6 Rc8 80. Kb7 Rf8 81. a8=Q Rxa8 82. Kxa8 Kh5 83. Bd7 Kxh4 84. Bxf5 Kg3 85. Be6 Kxf4 86. Kb7 Ke5 87. Kc6 Kxe6 88. Kc5 Ke5 89. Kc4 Ke4 90. Kc3 Ke3 91. Kc2 Ke2 92. Kc1 f5 0-1

[Event "December 5 Early 2023"]
[Site "https://www.chess.com"]
[Date "2023.12.05"]
[Round "9"]
[White "Ginzburg, Yakov"]
[Black "Buscar, Michael"]
[Result "1-0"]
[Board "118"]
[TimeControl "180+1"]
[WhiteFideId "4157176"]
[BlackFideId "2603616"]
[WhiteElo "2555"]
[BlackElo "2346"]
[WhiteTeam "RUS"]
[BlackTeam "CAN"]
[WhiteClock "0:01:32"]
[BlackClock "0:00:00"]

1. Nf3 Nf6 2. c4 e6 3. g3 d5 4. d4 c5 5. Bg2 Nc6 6. O-O Be7 7. Nc3 O-O 8. cxd5 exd5 9. dxc5 Bxc5 10. Qc2 Be7 11. Rd1 Be6 12. e4 Qa5 13. exd5 Nxd5 14. Nxd5 Bxd5 15. Rxd5 Qxd5 16. Ng5 Qxg5 17. Bxg5 Bxg5 18. Bxc6 bxc6 19. Qxc6 Bf6 20. Rb1 Rfc8 21. Qe4 Rab8 22. b4 Rd8 23. a3 Bd4 24. Kg2 Bb6 25. Re1 h6 26. Re2 Rd4 27. Qc6 Rdd8 28. a4 Bd4 29. a5 Rxb4 30. Re8+ Rxe8 31. Qxe8+ Kh7 32. Qxf7 Rb2 33. Qf5+ 1-0

[Event "December 5 Early 2023"]
[Site "https://www.chess.com"]
[Date "2023.12.05"]
[Round "9"]
[White "Sharapov, Evgeny"]
[Black "De Arruda, Leandro Formes"]
[Result "1/2-1/2"]
[Board "119"]
[TimeControl "180+1"]
[WhiteFideId "14103133"]
[BlackFideId "22722009"]
[WhiteElo "2527"]
[BlackElo "2328"]
[WhiteTeam "UKR"]
[BlackTeam "BRA"]
[WhiteClock "0:02:16"]
[BlackClock "0:02:25"]

1. e4 e6 2. d4 d5 3. Nc3 dxe4 4. Nxe4 Nd7 5. Nf3 Ngf6 6. Nxf6+ Nxf6 7. Be3 Be7 8. Qd2 O-O 9. O-O-O b6 10. Kb1 Bb7 11. Be2 a5 12. g4 Ne4 13. Qe1 a4 14. a3 b5 15. c3 Ng5 16. Bxg5 Bxg5 17. h4 Bf4 18. g5 Be4+ 19. Ka1 Qd5 20. Rh3 Bf5 21. Rh1 Be4 22. Rh3 Bf5 23. Rh1 Be4 1/2-1/2

[Event "December 5 Early 2023"]
[Site "https://www.chess.com"]
[Date "2023.12.05"]
[Round "9"]
[White "Gavrilov, Maxim"]
[Black "Franchini, Gabriele"]
[Result "1/2-1/2"]
[Board "120"]
[TimeControl "180+1"]
[WhiteFideId "24271454"]
[BlackFideId "806790"]
[WhiteElo "2516"]
[BlackElo "2325"]
[WhiteTeam "RUS"]
[BlackTeam "ITA"]
[WhiteClock "0:00:06"]
[BlackClock "0:00:06"]

1. d4 d5 2. c4 e6 3. Nc3 Nf6 4. cxd5 exd5 5. Bg5 c6 6. e3 h6 7. Bh4 Be7 8. Bd3 O-O 9. Qc2 Re8 10. Nf3 Ne4 11. Bxe4 Bxh4 12. Bh7+ Kh8 13. Ne5 Be6 14. Bf5 Qf6 15. Bxe6 Qxe6 16. O-O-O Nd7 17. f4 Nxe5 18. dxe5 f6 19. g3 fxe5 20. gxh4 exf4 21. exf4 Qg4 22. Qf2 Rf8 23. Rdf1 Rae8 24. Rhg1 Qh3 25. Kb1 b5 26. Qxa7 g6 27. Rc1 b4 28. Na4 Ra8 29. Qe7 Qf5+ 30. Ka1 Rxa4 31. b3 Ra3 32. Rxg6 Rxa2+ 33. Kxa2 Ra8+ 34. Kb2 Qxg6 35. Qe5+ Qg7 36. Qxg7+ Kxg7 37. Rxc6 Rf8 38. Rd6 Rxf4 39. Rxd5 Rxh4 40. Rd2 Rh3 41. Kc2 Kf6 42. Re2 Kf5 43. Rg2 Kf4 44. Rd2 h5 45. Re2 Rc3+ 46. Kb2 h4 47. Rd2 Rh3 48. Rd4+ Ke5 49. Rxb4 Rxh2+ 50. Kc3 h3 51. Rb8 Rg2 52. Re8+ Kd5 53. Rh8 h2 54. b4 Kc6 55. Rh6+ Kb5 56. Rh5+ Kc6 57. b5+ Kb6 58. Kc4 Rc2+ 59. Kb4 Rg2 60. Rh6+ Kb7 61. b6 Rg4+ 62. Kb5 Rg5+ 63. Kb4 Rg4+ 64. Kb5 Rg5+ 65. Kc4 Rg4+ 66. Kc5 Rg5+ 67. Kc4 Rg4+ 68. Kb5 1/2-1/2

[Event "December 5 Early 2023"]
[Site "https://www.chess.com"]
[Date "2023.12.05"]
[Round "9"]
[White "yaguigor"]
[Black "Chernomordik, Pavel"]
[Result "1-0"]
[Board "121"]
[TimeControl "180+1"]
[BlackFideId "2804530"]
[WhiteElo "2320"]
[BlackElo "2507"]
[BlackTeam "ISR"]
[WhiteClock "0:00:13"]
[BlackClock "0:00:00"]

1. e4 g6 2. d4 Bg7 3. Nc3 d6 4. Be3 a6 5. Qd2 b5 6. h4 h6 7. h5 g5 8. Nge2 Bb7 9. Ng3 e6 10. f4 gxf4 11. Bxf4 Nc6 12. Be3 Nf6 13. Be2 Qd7 14. a4 b4 15. Nd1 e5 16. Nf5 Bf8 17. Bf3 exd4 18. Bxd4 Nxd4 19. Qxd4 Qe6 20. O-O c5 21. Qd3 O-O-O 22. Nf2 Rg8 23. c4 Rg5 24. Nh3 Rg8 25. Nf4 Qe5 26. Nd5 Bxd5 27. cxd5 Kb7 28. b3 Rg5 29. Ne3 Re8 30. Nc4 Qd4+ 31. Qxd4 cxd4 32. Be2 Rxe4 33. Bd3 Reg4 34. Rxf6 Rxg2+ 35. Kh1 R2g3 36. Rxf7+ Kc8 37. Rxf8+ Kd7 38. Rf7+ Kd8 39. Ra2 Rxd3 40. Re2 Rh3+ 41. Rh2 Rxb3 42. Rg2 Rh3+ 43. Kg1 Rxg2+ 44. Kxg2 Rxh5 45. Nb6 b3 46. Rf3 b2 47. Rb3 Rg5+ 48. Kf3 Kc7 49. Rxb2 Re5 50. a5 Re3+ 51. Kf4 Ra3 52. Rc2+ Kb7 53. Nc4 Ra4 54. Ke4 h5 55. Kxd4 Ra1 56. Rg2 Rd1+ 57. Ke4 Re1+ 58. Kd3 Rd1+ 59. Nd2 h4 60. Rg7+ Kc8 61. Rh7 Rh1 62. Nc4 Rh3+ 63. Kd4 Ra3 64. Nxd6+ Kd8 65. Ke5 Rxa5 66. Ke6 1-0

[Event "December 5 Early 2023"]
[Site "https://www.chess.com"]
[Date "2023.12.05"]
[Round "9"]
[White "Skibbe, Willi"]
[Black "Shinkarev, M"]
[Result "1-0"]
[Board "122"]
[TimeControl "180+1"]
[WhiteFideId "4682190"]
[BlackFideId "4145348"]
[WhiteElo "2314"]
[BlackElo "2486"]
[WhiteTeam "GER"]
[BlackTeam "RUS"]
[WhiteClock "0:01:28"]
[BlackClock "0:01:23"]

1. e4 e5 2. Nc3 Nf6 3. Bc4 Nxe4 4. Nxe4 d5 5. Qh5 dxc4 6. Qxe5+ Qe7 7. Nf3 Nc6 8. Qxe7+ Bxe7 9. O-O Bf5 10. Re1 O-O-O 11. b3 cxb3 12. axb3 f6 13. d3 Bb4 14. Bd2 Bxd2 15. Nfxd2 Nb4 16. Rxa7 Nxc2 17. Rc1 Nb4 18. Nc5 Kb8 19. Rxb7+ Kc8 20. Rxb4 Bxd3 21. Nxd3 Rxd3 22. Nf1 Re8 23. Ne3 Kd7 24. Kf1 g6 25. Rd1 Rxe3 26. Rd4+ 1-0

[Event "December 5 Early 2023"]
[Site "https://www.chess.com"]
[Date "2023.12.05"]
[Round "9"]
[White "Omariev, Maksim"]
[Black "Rose, Felix"]
[Result "1-0"]
[Board "123"]
[TimeControl "180+1"]
[WhiteFideId "4193423"]
[BlackFideId "5105722"]
[WhiteElo "2469"]
[BlackElo "2318"]
[WhiteTeam "RUS"]
[BlackTeam "MEX"]
[WhiteClock "0:00:08"]
[BlackClock "0:00:03"]

1. e4 c6 2. Nc3 d5 3. Nf3 dxe4 4. Nxe4 Nf6 5. Nxf6+ exf6 6. g3 Bd6 7. Bg2 O-O 8. O-O Re8 9. d4 Qc7 10. c4 c5 11. dxc5 Qxc5 12. Be3 Qc7 13. c5 Bf8 14. b4 Be6 15. Bf4 Qc8 16. Nd4 Bc4 17. Re1 Rxe1+ 18. Qxe1 a5 19. Rc1 Bxa2 20. b5 a4 21. Qe4 Ra7 22. b6 Ra5 23. Qxb7 Qxb7 24. Bxb7 Rxc5 25. Ra1 Bd5 26. Bxd5 Rxd5 27. Rxa4 Nd7 28. b7 Bd6 29. Bxd6 Rxd6 30. Ra8+ Nf8 31. b8=Q Rxd4 32. Qxf8# 1-0

[Event "December 5 Early 2023"]
[Site "https://www.chess.com"]
[Date "2023.12.05"]
[Round "9"]
[White "Burmakin, Evgeniy"]
[Black "Shapiro, Daniel"]
[Result "1-0"]
[Board "124"]
[TimeControl "180+1"]
[WhiteFideId "4163729"]
[BlackFideId "2001780"]
[WhiteElo "2427"]
[BlackElo "2312"]
[WhiteTeam "RUS"]
[BlackTeam "USA"]
[WhiteClock "0:00:07"]
[BlackClock "0:00:00"]

1. e4 c5 2. Nc3 Nc6 3. Bb5 Nd4 4. Bc4 g6 5. Nf3 Bg7 6. Nxd4 cxd4 7. Qf3 e6 8. Nb5 d6 9. Qa3 Ke7 10. f4 a6 11. e5 axb5 12. exd6+ Kf6 13. Qxa8 bxc4 14. O-O Nh6 15. Qa3 Nf5 16. g4 Nxd6 17. d3 Bf8 18. Qc5 Ke7 19. f5 exf5 20. Bg5+ f6 21. Qxd4 Bg7 22. Bf4 Be6 23. Rae1 Qd7 24. gxf5 gxf5 25. Re2 Nb5 26. Qxc4 Kf7 27. Rxe6 Qxe6 28. Qxb5 Rg8 29. Kh1 Bf8 30. Qxb7+ Be7 31. Qf3 Qxa2 32. Bc1 Qe6 33. Qxf5 Qe2 34. Qd5+ Kf8 35. Qa8+ Kf7 36. Qf3 Qe5 37. c3 Qe6 38. d4 Bd6 39. c4 f5 40. c5 Be7 41. d5 Qe5 42. d6 Bd8 43. Qxf5+ Qxf5 44. Rxf5+ Ke6 45. Rf3 Kd5 46. b4 Rg4 47. Bd2 Rd4 48. Rf2 Kc6 49. Kg2 Bh4 50. Re2 1-0

[Event "December 5 Early 2023"]
[Site "https://www.chess.com"]
[Date "2023.12.05"]
[Round "9"]
[White "Can, Melih Kaan"]
[Black "Rodriguez Santiago, Jaime"]
[Result "0-1"]
[Board "125"]
[TimeControl "180+1"]
[WhiteFideId "6317383"]
[BlackFideId "3100898"]
[WhiteElo "2426"]
[BlackElo "2279"]
[WhiteTeam "TUR"]
[BlackTeam "PUR"]
[WhiteClock "0:00:02"]
[BlackClock "0:01:21"]

1. e4 c6 2. d4 d5 3. exd5 cxd5 4. Bd3 Nc6 5. c3 Qc7 6. Ne2 Bg4 7. f3 Bh5 8. Bf4 Qd7 9. O-O Nf6 10. Qb3 e6 11. Nd2 Be7 12. Bg3 O-O 13. Nf4 Bg6 14. Nxg6 hxg6 15. Rae1 Nh5 16. f4 Nxg3 17. hxg3 Bd6 18. Nf3 a6 19. Ng5 b5 20. g4 Be7 21. Nf3 Rac8 22. Ne5 Nxe5 23. Rxe5 Bf6 24. Re3 g5 25. Rh3 g6 26. f5 exf5 27. gxf5 Kg7 28. Qc2 g4 29. fxg6 gxh3 30. gxf7 Bxd4+ 31. Kh1 Qg4 32. Bf5 hxg2+ 33. Qxg2 Rh8+ 34. Qh2 Rxh2+ 35. Kxh2 Rh8+ 36. Bh7 Rxh7# 0-1

[Event "December 5 Early 2023"]
[Site "https://www.chess.com"]
[Date "2023.12.05"]
[Round "9"]
[White "Topalov, Aleksandar"]
[Black "Dyulgerov, Volen"]
[Result "1-0"]
[Board "126"]
[TimeControl "180+1"]
[WhiteFideId "925659"]
[BlackFideId "2918978"]
[WhiteElo "2423"]
[BlackElo "2257"]
[WhiteTeam "SRB"]
[BlackTeam "BUL"]
[WhiteClock "0:00:13"]
[BlackClock "0:00:00"]

1. b3 a5 2. a3 c5 3. c4 a4 4. bxa4 Nf6 5. Nc3 d5 6. cxd5 Nxd5 7. Bb2 Ra6 8. e3 Rg6 9. Qb3 e6 10. Nf3 Nc6 11. g3 Bd6 12. Bg2 Na5 13. Qc2 c4 14. O-O Nb3 15. Rad1 Nc5 16. Nd4 Nxc3 17. Bxc3 Nd3 18. Rb1 e5 19. Nb5 Bf5 20. e4 Bg4 21. Nxd6+ Qxd6 22. Bb4 Qd4 23. Bc3 Qa7 24. Qa2 Rc6 25. Rb4 Nxb4 26. Bxb4 Be2 27. Re1 Bd3 28. Bf1 h5 29. Bxd3 cxd3 30. Qd5 Qd4 31. Qa5 h4 32. Qa8+ Qd8 33. Qxb7 Rf6 34. Qb5+ Qd7 35. Re3 hxg3 36. hxg3 Rc6 37. Rxd3 Rc1+ 38. Kg2 1-0

[Event "December 5 Early 2023"]
[Site "https://www.chess.com"]
[Date "2023.12.05"]
[Round "9"]
[White "Kovalyov, Eduard"]
[Black "Borawski, Jakub"]
[Result "1-0"]
[Board "127"]
[TimeControl "180+1"]
[WhiteFideId "14118033"]
[BlackFideId "1143000"]
[WhiteElo "2421"]
[BlackElo "2245"]
[WhiteTeam "UKR"]
[BlackTeam "POL"]
[WhiteClock "0:00:06"]
[BlackClock "0:00:00"]

1. d4 Nf6 2. c4 e6 3. Nc3 b6 4. e4 Bb4 5. Bd3 Bb7 6. Qe2 Bxc3+ 7. bxc3 d6 8. Nf3 Nbd7 9. O-O e5 10. a4 a5 11. Ba3 Qe7 12. Rab1 Ba6 13. Rfe1 O-O 14. Nh4 g6 15. Nf3 c5 16. d5 Nh5 17. Bc1 Ra7 18. Bh6 Ng7 19. Qd2 Rb8 20. Rb2 Rf8 21. Reb1 f5 22. Ng5 fxe4 23. Nxe4 Re8 24. Bg5 Qf7 25. Rxb6 Nxb6 26. Rxb6 Rf8 27. Rxd6 Nf5 28. Rb6 Qc7 29. Rb2 Qg7 30. Nxc5 Bc8 31. Ne4 h6 32. Be3 Raf7 33. Bc5 Re8 34. f3 g5 35. h3 h5 36. Qxg5 Qxg5 37. Nxg5 Rg7 38. Ne6 Bxe6 39. dxe6 Nh4 40. Be4 Kh8 41. Kh2 Reg8 42. g4 hxg4 43. hxg4 Rf8 44. Kg3 Ng6 45. Bxf8 1-0